 Dungeon Crawl Stone Soup version 0.23-a0-422-g30b1108 (webtiles) character file.

2296 wunhunglo the Cleaver (level 9, -3/64 HPs)
             Began as a Formicid Abyssal Knight on Nov 14, 2018.
             Was a High Priest of Lugonu.
             Slain by an orc
             ... wielding a +0 halberd
              (9 damage)
             ... in a bailey.
             The game lasted 00:33:00 (8144 turns).

wunhunglo the Cleaver (Formicid Abyssal Knight)     Turns: 8144, Time: 00:33:01

Health: -3/64      AC: 21    Str: 24    XL:     9   Next: 67%
Magic:  13/13      EV: 11    Int: 13    God:    Lugonu [*****.]
Gold:   612        SH:  0    Dex: 10    Spells: 8/8 levels left

rFire    . . .     SeeInvis +   o - +4 hand axe
rCold    . . .     Gourm    .   (no shield)
rNeg     . . .     Faith    .   d - +1 ring mail {rPois}
rPois    +         Spirit   .   (helmet unavailable)
rElec    .         Reflect  .   r - +2 cloak
rCorr    .         Harm     .   (no gloves)
MR       .....                  f - +2 pair of boots
Stlth    ..........             J - amulet of magic regeneration
HPRegen  0.20/turn              N - +3 ring of protection
MPRegen  0.38/turn              F - +4 ring of protection

@: mighty
A: permanent stasis, dig shafts and tunnels, four strong arms, antennae 3
a: Dig, Shaft Self, Depart the Abyss, Bend Space, Banish, Corrupt, Enter the
Abyss, Renounce Religion


You were in a bailey.
You worshipped Lugonu.
Lugonu was extremely pleased with you.
You were not hungry.

You visited 1 branch of the dungeon, and saw 7 of its levels.
You visited the Abyss 1 time.
You also visited: Ossuary and Bailey.

You collected 612 gold pieces.

Inventory:

Hand Weapons
 a - a +1 hand axe
 b - a +0 trident of venom
 g - a +0 war axe
 o - a +4 hand axe (weapon)
 C - a +0 blowgun
Missiles
 e - 2 exploding tomahawks
 j - 210 stones
 B - 8 tomahawks (quivered)
 D - 19 poisoned needles
 E - 7 javelins
Armour
 d - a +1 ring mail of poison resistance (worn)
 f - a +2 pair of boots (worn)
 r - a +2 cloak (worn)
Jewellery
 t - an uncursed ring of wizardry
 F - a +4 ring of protection (right hand)
 J - an amulet of magic regeneration (around neck)
 M - an uncursed ring of poison resistance
 N - a +3 ring of protection (left hand)
Wands
 I - a wand of clouds (4)
Scrolls
 k - 2 scrolls of magic mapping
 l - 3 scrolls of amnesia
 m - 4 scrolls of enchant weapon
 u - 2 scrolls of fear
 v - 3 scrolls of remove curse
 x - a scroll of random uselessness {unknown}
 K - a scroll of fog {unknown}
Potions
 i - a potion of might
 n - a potion of lignification {unknown}
 p - 5 potions of curing
 q - 4 potions of flight
 s - a potion of resistance
 w - a potion of cancellation {unknown}
 z - 4 potions of ambrosia
 G - 4 potions of brilliance
 H - a potion of mutation {unknown}
Comestibles
 c - 13 rations


   Skills:
 - Level 3.5 Fighting
 + Level 9.3 Axes
 - Level 8.0 Armour
 - Level 0.8 Dodging
 * Level 5.4 Invocations


You had 8 spell levels left.
You didn't know any spells.
Your spell library contained the following spells:

 Spells                   Type           Power        Failure   Level  Hunger
 Corona                   Hex            #......      41%         1    ##.....
 Slow                     Hex            #.......     56%         2    ###....
 Inner Flame              Hex/Fire       #.......     80%         3    ####...
 Portal Projectile        Hex/Tloc       #.....       80%         3    ####...
 Cause Fear               Hex            #.........   99%         4    #####..
 Leda's Liquefaction      Hex/Erth       #.........   99%         4    #####..


Dungeon Overview and Level Annotations

Branches:
Dungeon (7/15)             Temple (0/1) D:6

Altars:
Fedhas
Hepliaklqana
Qazlal
Vehumet
Wu Jian
Yredelemnul
Zin

Annotations:
D:5 2 transporters, exclusion: downstairs


Innate Abilities, Weirdness & Mutations

You cannot be hasted, slowed, berserked, paralysed or teleported.
You can dig through walls and to a lower floor.
Your four strong arms can wield two-handed weapons with a shield.
You have a pair of large antennae on your head. (SInv)


Message History

Aim: an orc warrior, wielding a +0 spear and wearing a +0 plate armour (heavily You create a blast of noxious fumes!
The orc warrior is engulfed in noxious fumes.
The orc warrior appears confused.
The orc warrior hits you with a +0 spear!
* * * LOW HITPOINT WARNING * * *
The orc warrior is engulfed in noxious fumes.
The orc warrior appears confused.
The orc closely misses you.
The orc warrior is engulfed in noxious fumes.
The orc warrior hits the orc but does no damage.
You hit the orc warrior but do no damage.
The orc warrior is heavily wounded.
The orc warrior is engulfed in noxious fumes.
The orc warrior appears confused.
The orc warrior is engulfed in noxious fumes.
The orc warrior appears confused.
The orc warrior hits you with a +0 spear!
* * * LOW HITPOINT WARNING * * *
The orc hits you from afar with a +0 halberd!
You die...

#...o
#{....
#.....
....
##'##
#§..#
#§o.#
#oo.#
#§@.#
###)###
##.))..##
#.......#
#.......#
#.......#
#.......#
#...)...#
#.).?...#


You could see 2 orc warriors and an orc.

Vanquished Creatures
  A troll (D:6)
  Sigmund (D:5)
  Edmund (D:4)
  An ice beast (D:6)
  A phantom (D:5)
  3 ogres
  A bullfrog (D:5)
  Blork the orc (D:5)
  3 water moccasin zombies (Ossuary)
  A scorpion (D:4)
  2 crimson imps (D:7)
  3 hounds
  4 orc priests
  A centaur skeleton (D:5)
  An iguana (D:4)
  6 orc wizards
  2 worker ants
  6 big kobold zombies (Ossuary)
  Robin (D:2)
  2 mummies (Ossuary)
  A worker ant zombie (D:7)
  A gnoll (D:2)
  6 adders
  3 shadow imps
  An ooze (D:2)
  11 adder zombies
  A worm (D:3)
  An adder skeleton (D:4)
  6 dart slugs
  4 leopard geckos
  44 orcs
  3 ball pythons
  3 giant cockroaches
  6 gnoll zombies
  17 goblins
  11 hobgoblins
  4 jackals (D:1)
  4 quokkas
  8 bats
  2 frilled lizards
  2 hobgoblin zombies (Ossuary)
  9 kobolds
  5 kobold zombies (Ossuary)
  3 orc zombies (Ossuary)
  A quokka zombie (D:2)
  15 rats
214 creatures vanquished.

Vanquished Creatures (others)
  An adder (D:2)
  A kobold (D:2)
  A starspawn tentacle (Abyss:2)
3 creatures vanquished.

Grand Total: 217 creatures vanquished

Notes
Turn   | Place    | Note
-------+----------+-------------------------------------------
     0 | Abyss:1  | wunhunglo the Formicid Abyssal Knight began the quest for
                  | the Orb.
     0 | Abyss:1  | Reached XP level 1. HP: 18/18 MP: 2/2
    41 | Abyss:2  | Noticed a small abomination
    80 | Abyss:2  | Noticed a large abomination
    82 | Abyss:2  | Noticed a spatial vortex
    83 | Abyss:2  | Noticed a spatial vortex
    83 | Abyss:2  | Noticed a spatial vortex
    88 | Abyss:2  | Noticed a spatial vortex
    90 | Abyss:2  | Noticed a tentacled starspawn
    93 | D:1      | Escaped the Abyss
   170 | D:1      | Reached * piety under Lugonu
   301 | D:1      | Reached XP level 2. HP: 24/24 MP: 3/3
   435 | D:1      | Reached XP level 3. HP: 28/29 MP: 4/4
   944 | D:2      | Found a radiant altar of Vehumet.
  1196 | D:2      | Reached skill level 3 in Axes
  1214 | D:2      | Reached XP level 4. HP: 35/35 MP: 5/5
  1261 | D:2      | Noticed Robin
  1288 | D:2      | Reached ** piety under Lugonu
  1337 | D:2      | Killed Robin
  1747 | D:2      | Reached XP level 5. HP: 41/41 MP: 6/6
  3222 | D:3      | Reached skill level 5 in Armour
  3222 | D:3      | Reached XP level 6. HP: 45/47 MP: 7/7
  3313 | D:3      | Reached *** piety under Lugonu
  3490 | D:4      | Found a stormy altar of Qazlal.
  3500 | D:4      | Noticed Edmund
  3517 | D:4      | Killed Edmund
  3517 | D:4      | Reached skill level 4 in Axes
  3588 | D:4      | Noticed a phantom
  3867 | D:4      | Noticed an ogre
  3885 | D:4      | Killed an ogre
  3885 | D:4      | Reached XP level 7. HP: 52/52 MP: 8/8
  3968 | D:4      | Found a blossoming altar of Fedhas.
  4152 | D:5      | Entered Level 5 of the Dungeon
  4172 | D:5      | Found a glowing silver altar of Zin.
  4212 | D:5      | Noticed Sigmund
  4229 | D:5      | Killed Sigmund
  4229 | D:5      | Reached XP level 8. HP: 51/58 MP: 9/9
  4283 | D:5      | Found a sand-covered staircase.
  4290 | Ossuary  | Entered an ossuary
  4514 | Ossuary  | Reached skill level 5 in Axes
  4643 | Ossuary  | Reached **** piety under Lugonu
  4813 | Ossuary  | Reached skill level 6 in Axes
  5616 | D:5      | Reached skill level 7 in Axes
  5729 | D:5      | Found a transporter.
  5799 | D:5      | Noticed a fire bat
  5826 | D:5      | Noticed Blork the orc
  5836 | D:5      | Killed Blork the orc
  5836 | D:5      | Reached XP level 9. HP: 52/64 MP: 12/12
  5910 | D:5      | Found a transporter.
  5996 | D:5      | Found a hazy altar of Hepliaklqana.
  6696 | D:6      | Reached skill level 8 in Axes
  6999 | D:6      | Found a staircase to the Ecumenical Temple.
  7301 | D:7      | Noticed a troll
  7314 | D:6      | Killed a troll
  7314 | D:6      | Reached skill level 5 in Invocations
  7562 | D:7      | Reached skill level 9 in Axes
  7673 | D:7      | Found an ornate altar of the Wu Jian Council.
  7723 | D:7      | Found a basalt altar of Yredelemnul.
  7854 | D:7      | Reached ***** piety under Lugonu
  7855 | D:7      | Found a flagged portal.
  7874 | Bailey   | Entered a bailey
  8144 | Bailey   | Slain by an orc

Vault maps used:
D:1:      dpeg_chamrin_arrival_tetris, minmay_rat_gold_closets
D:2:      minmay_door_path, fiery_altar_vehumet, minmay_guardbox, uniq_robin
D:3:      st_stairs_11
D:4:      fedhas_altar_2, old_standard_altar, first_ration, uniq_edmund
D:5:      gammafunk_cloud_chamber, zin_statuary, lemuel_round_altar,
          enter_ossuary_2, minmay_strange_pillars, uniq_sigmund,
          uniq_blork_the_orc
D:6:      minmay_temple_entry_fiery, kennysheep_generic_room_5
D:7:      kennysheep_little_box, lemuel_doored_altar, marbit_many_paths,
          lemuel_zombie_altar_yredelemnul, enter_bailey_3,
          nicolae_ru_great_annihilating_truth
Abyss:2:  minivault_25_ag
Ossuary:  ossuary_tomb_2
Bailey:   bailey_polearm_5, bailey

Skill      XL: |  1  2  3  4  5  6  7  8  9 |
---------------+----------------------------+-----
Armour         | 3 4 5 6 8 |  8.0
Axes           | 3 4 7 9 |  9.3
Invocations    | 4 5 |  5.4
Fighting       | |  3.5
Dodging        | |  0.8

Action                   |  1- 3 |  4- 6 |  7- 9 || total
-------------------------+-------+-------+-------++-------
Melee: Hand axe          |    89 |    34 |   373 ||   496
       Trident           |       |   188 |   249 ||   437
Throw: Tomahawk          |     1 |     1 |    17 ||    19
       Javelin           |       |       |     7 ||     7
Invok: Depart the Abyss  |     1 |       |       ||     1
 Abil: Dig               |       |       |     1 ||     1
Evoke: Wand              |       |       |     1 ||     1
  Use: Scroll            |       |       |    18 ||    18
       Potion            |       |       |     4 ||     4
  Eat: Chunk             |     1 |     9 |    11 ||    21
       Ration            |       |       |     1 ||     1
Armor: Ring mail         |    25 |    85 |   255 ||   365
       Leather armour    |     1 |       |       ||     1
Dodge: Dodged            |    47 |   121 |   246 ||   414

Table legend:
 A = Non-vault XP
 B = Vault XP
 C = Vault XP percentage of total XP
 D = Non-vault monster count
 E = Vault monster count
 F = Vault count percentage of total count
                 A         B        C        D         E       F
            +---------+---------+-------+---------+---------+-------
      Total |    2027 |    1253 |  38.2 |     111 |     103 |  48.1
            +---------+---------+-------+---------+---------+-------
        D:1 |      41 |       8 |  16.3 |      20 |       8 |  28.6
        D:2 |      54 |      82 |  60.3 |      18 |      25 |  58.1
        D:3 |      89 |       9 |   9.2 |      18 |       4 |  18.2
        D:4 |     339 |     166 |  32.9 |      13 |       1 |   7.1
        D:5 |     607 |     410 |  40.3 |      23 |       3 |  11.5
        D:6 |     603 |       3 |   0.5 |       6 |       1 |  14.3
        D:7 |     294 |      24 |   7.5 |      13 |       7 |  35.0
    Ossuary |       0 |     491 | 100.0 |       0 |      34 | 100.0
     Bailey |       0 |      60 | 100.0 |       0 |      20 | 100.0
            +---------+---------+-------+---------+---------+-------
